 Dungeon Crawl Stone Soup version 0.12.3 (webtiles) character file.

321 Chiseanne the Bolt Thrower (level 5, 0/39 HPs)
             Began as a Mummy Hunter on Sept 27, 2013.
             Slain by an adder (5 damage)
             ... in a sewer.
             The game lasted 00:15:05 (16980 turns).

Chiseanne the Bolt Thrower (Mummy Hunter)          Turns: 16980, Time: 00:15:05

HP   0/39        AC  6     Str 15      XL: 5   Next: 78%
MP   4/4         EV 11     Int 10      God:
Gold 83          SH  0     Dex 13      Spells:  0 memorised,  4 levels left

Res.Fire  : x . .   See Invis. : .   a - +0 flail
Res.Cold  : + . .   Warding    : .   d - +0 leather armour
Life Prot.: + + +   Conserve   : .   (no shield)
Res.Poison: +       Res.Corr.  : .   (no helmet)
Res.Elec. : .       Clarity    : .   y - +0 cloak
Sust.Abil.: . .     Spirit.Shd : .   (no gloves)
Res.Mut.  : .       Stasis     : .   f - +1 pair of dwarf boots
Res.Rott. : +       Ctrl.Telep.: .   (no amulet)
Saprovore : . . .   Flight     : .   (no ring)
                                     (no ring)

@: slightly resistant to hostile enchantments, unstealthy
A: no food or potions, fire vulnerability, restore body, cold resistance 1, life
protection 3, poison resistance, torment resistance, unbreathing
a: no special abilities


You were in a sewer.
You were not hungry.

You visited 1 branch of the dungeon, and saw 3 of its levels.
You also visited: Sewer.

You collected 63 gold pieces.

Inventory:

Hand weapons
 a - a +0,+0 flail (weapon)
 w - a +1,+1 crossbow
Missiles
 b - 16 darts (quivered)
 j - 3 javelins of returning
Armour
 d - a +0 leather armour (worn)
 f - a +1 pair of dwarven boots (worn)
 y - a +0 cloak (worn)
Magical devices
 p - a wand of polymorph (10)
Comestibles
 o - a meat ration
 t - a pear
Scrolls
 e - 2 scrolls of identify
 h - a scroll of enchant armour
 i - a scroll of amnesia {unknown}
 k - a scroll of recharging {unknown}
 q - 2 scrolls of remove curse {unknown}
 u - a scroll of enchant weapon II {unknown}
 v - a scroll of teleportation {unknown}
 x - 2 scrolls of enchant weapon I {unknown}
Jewellery
 s - an uncursed amulet of conservation {unknown}
Potions
 l - 3 potions of curing {unknown}
 m - a potion of speed {unknown}
 n - a potion of brilliance {unknown}
 r - a potion of heal wounds {unknown}


   Skills:
 * Level 1.9 Fighting
 * Level 0.8 Maces & Flails
 * Level 4.5 Crossbows
 * Level 2.3 Armour
 * Level 2.3 Dodging
 - Level 0.7 Stealth


You had 4 spell levels left.
You didn't know any spells.

Dungeon Overview and Level Annotations

Branches:
Dungeon (3/27)

Altars:
Zin


Innate Abilities, Weirdness & Mutations

You do not eat or drink.
Your flesh is vulnerable to fire.
Your flesh is cold resistant.
You are immune to negative energy.
Your system is resistant to poisons.
You are immune to unholy pain and torment.
You can survive without breathing.


Message History

The ball python bites you.
* * * LOW HITPOINT WARNING * * *
The ball python constricts you. The adder bites you but does no damage.
The adder bites you but does no damage.
You closely miss the adder.
The adder is heavily wounded.
The ball python barely misses you. The ball python closely misses you.
* * * LOW HITPOINT WARNING * * *
The ball python constricts you. The adder bites you.
* * * LOW HITPOINT WARNING * * *
You escape the ball python's grasp.
You enter the shallow water.
Moving in this stuff is going to be slow.
The adder closely misses you.
You thump the ball python!
You kill the ball python!
The adder bites you.
* * * LOW HITPOINT WARNING * * *
The adder barely misses you. The adder bites you.
You die...

≈....≈≈..≈.≈≈≈#
.........≈.≈≈≈#
≈≈≈≈∩.∩≈≈≈≈≈≈≈#
≈.≈≈.......≈≈≈#
≈...≈..≈.≈≈..≈## #####
≈≈.≈≈≈≈≈..≈≈≈..## #####≈≈≈≈.#
#≈.≈≈≈...≈##.≈.≈####≈≈≈≈.#
##≈≈.≈≈.≈####.≈≈≈.≈.≈###≈≈≈≈.#
#≈≈.≈...# #.≈.@S≈≈≈# #####
.≈≈.≈≈≈≈. ##≈.≈..≈≈#
≈≈≈≈≈≈≈.≈≈ #######≈.≈≈ ####≈.
#####


You could see an adder.

Vanquished Creatures
  A sky beast (D:2)
  5 adders
  3 worms (D:2)
  3 grey rats (D:3)
  2 giant geckos (D:1)
  2 oozes (D:2)
  An orc (D:1)
  6 giant cockroaches
  12 goblins
  7 hobgoblins
  2 jackals (D:1)
  3 ball pythons
  11 bats
  3 giant newts
  7 kobolds
  14 rats
82 creatures vanquished.

Vanquished Creatures (others)
  2 goblins
  A rat (D:1)
3 creatures vanquished.

Grand Total: 85 creatures vanquished

Notes
Turn   | Place    | Note
--------------------------------------------------------------
     0 | D:1      | Chiseanne, the Mummy Hunter, began the quest for the Orb.
     0 | D:1      | Reached XP level 1. HP: 16/16 MP: 0/0
   205 | D:1      | Reached XP level 2. HP: 22/22 MP: 1/1
  1761 | D:1      | Reached XP level 3. HP: 27/27 MP: 2/2
  1962 | D:1      | Reached skill level 4 in Crossbows
  6316 | D:1      | Reached skill level 1 in Armour
 11184 | D:1      | Noticed an orc warrior
 11315 | D:2      | Found a glowing silver altar of Zin.
 11367 | D:2      | Reached XP level 4. HP: 33/33 MP: 3/3
 16672 | D:2      | Noticed a sky beast
 16746 | D:2      | Killed a sky beast
 16746 | D:2      | Reached XP level 5. HP: 21/39 MP: 4/4
 16929 | D:3      | Found a glowing drain.
 16939 | Sewer    | Entered a sewer
 16980 | Sewer    | Slain by an adder

Action                   |  1- 3 |  4- 6 || total
-------------------------+-------+-------++-------
Melee: Short sword       |    44 |       ||    44
       Flail             |       |    73 ||    73
 Fire: Crossbow          |    67 |    36 ||   103
Throw: Dart              |       |     2 ||     2
Evoke: Wand              |     3 |       ||     3
  Use: Scroll            |     2 |       ||     2
 Stab: Sleeping          |     1 |       ||     1
